AoeStats
← Erickinio

Black Forest

509035250Analyzed
4v4 RM · 7d ago on Sep 25, 2026· 45m 13s· 8 players
Game mode
Random Map
Map size
Large (8 player)
Population
200
Speed
Normal
Resources
Standard
Victory
Conquest
Starting age
Dark Age
Ending age
Imperial Age
RankedLock teamsTeams togetherTeam positionsShared explorationLock speedFull tech treeHidden civsTurbo modeCheats
Victory
Defeat
🇧🇩 Mongols · Bangladesh
1051
+12
🇨🇳 Bohemians · China
974
+15
🇹🇼 Franks · Taiwan
969
+16
🇨🇳 Japanese · China
945
+17
🇳🇱 Britons · Netherlands
1063
-19
🇺🇸 Celts · United States
987
-16
🇦🇷 Celts · Argentina
915
-13
🇺🇸 Khmer · United States
881
-12
蔡徐坤
13:54 Feudal Age
17:37 Castle Age
15:25 Double-Bit Axe
19:41 Loom
31:50 Wheelbarrow
31:41 Bow Saw
32:53 Hand Cart
35:55 Imperial Age
35:09 Chemistry
34:20 Squires
34:06 Arson
34:17 Town Watch
34:10 Pikeman
35:02 Horse Collar
36:53 Forging
36:43 Scale Mail Armor
36:24 Halberdier
37:35 Conscription
37:24 Wagenburg Tactics
37:43 Town Patrol
40:03 Houfnice
40:52 Caravan
41:32 Siege Engineers
43:21 Iron Casting
43:01 Chain Mail Armor
43:25 Guilds
bryant200120
10:16 Feudal Age
10:39 Loom
16:15 Castle Age
15:52 Double-Bit Axe
18:32 Bow Saw
19:52 Husbandry
22:02 Scale Barding Armor
24:19 Forging
25:27 Chain Barding Armor
24:51 Pikeman
27:34 Wheelbarrow
26:44 Town Watch
29:18 Squires
29:03 Gambesons
30:43 Iron Casting
31:46 Gold Mining
32:52 Hand Cart
36:29 Imperial Age
35:10 Scale Mail Armor
37:07 Gold Shaft Mining
37:34 Conscription
39:17 Hoardings
39:55 Cavalier
41:36 Town Patrol
43:31 Paladin
45:26 Plate Barding Armor
45:51 Blast Furnace
PacificKempeitai
1:02 Loom
13:14 Feudal Age
13:26 Man-at-Arms
13:52 Arson
15:18 Double-Bit Axe
17:11 Fletching
21:22 Castle Age
20:23 Forging
22:20 Thumb Ring
21:38 Crossbowman
23:13 Fishing Lines
24:37 Wheelbarrow
23:47 Town Watch
24:40 Bow Saw
27:27 Gillnets
29:57 Thumb Ring
30:22 Town Watch
30:53 Hand Cart
30:34 Gold Mining
30:34 Stone Mining
30:57 Pikeman
31:37 Squires
34:59 Imperial Age
32:23 Treadmill Crane
34:05 Iron Casting
33:30 Scale Mail Armor
33:41 Thumb Ring
35:10 Gambesons
34:46 Long Swordsman
34:56 Elite Skirmisher
35:53 Chain Mail Armor
36:00 Two-Handed Swordsman
36:00 Halberdier
37:13 Plate Mail Armor
37:44 Blast Furnace
38:29 Chemistry
37:35 Siege Engineers
38:40 Two-Man Saw
38:19 Gold Shaft Mining
37:48 Caravan
37:47 Champion
37:58 Onager
39:59 Conscription
40:23 Ballistics
40:03 Bodkin Arrow
40:08 Padded Archer Armor
41:10 Masonry
41:02 Bracer
41:06 Yasama
41:41 Hoardings
41:00 Guard Tower
40:56 Arrowslits
42:18 Kataparuto
42:53 Keep
42:17 Murder Holes
42:33 Fortified Wall
42:41 Leather Archer Armor
43:18 Redemption
46:23 Ring Archer Armor
HIT_007
4:18 Loom
10:22 Feudal Age
11:07 Feudal Age
12:39 Horse Collar
15:44 Castle Age
14:09 Double-Bit Axe
17:26 Heavy Plow
19:17 Bow Saw
27:15 Gold Mining
27:17 Stone Mining
28:21 Caravan
29:41 Gold Shaft Mining
29:48 Stone Shaft Mining
29:53 Wheelbarrow
29:38 Fletching
32:55 Imperial Age
31:52 Hand Cart
31:34 Bodkin Arrow
32:02 Thumb Ring
34:05 Conscription
33:53 Padded Archer Armor
35:06 Bloodlines
34:57 Husbandry
36:39 Chemistry
36:01 Ballistics
35:38 Murder Holes
35:47 Bracer
35:29 Elite Mangudai
36:47 Hoardings
37:08 Drill
38:01 Nomads
38:19 Leather Archer Armor
43:49 Siege Engineers
Williamjason007
12:56 Feudal Age
17:05 Scale Barding Armor
18:08 Forging
22:42 Castle Age
20:40 Double-Bit Axe
20:41 Horse Collar
22:25 Stone Mining
24:17 Chain Barding Armor
25:34 Iron Casting
25:39 Heavy Plow
29:16 Bloodlines
31:41 Husbandry
31:49 Gold Mining
35:39 Imperial Age
33:47 Light Cavalry
37:42 Blast Furnace
37:57 Ballistics
37:55 Hussar
41:30 Plate Barding Armor
42:17 Double Crossbow
JohnWick
1:34 Loom
12:44 Feudal Age
14:01 Wheelbarrow
13:10 Horse Collar
13:17 Double-Bit Axe
19:12 Stone Mining
20:12 Gold Mining
27:22 Castle Age
28:33 Hand Cart
28:21 Heavy Plow
28:40 Bow Saw
29:27 Gold Mining
35:31 Gold Shaft Mining
40:16 Imperial Age
37:33 Town Watch
42:29 Forging
42:19 Scale Mail Armor
Erickinio
0:48 Loom
13:36 Feudal Age
13:45 Man-at-Arms
14:24 Double-Bit Axe
18:29 Forging
18:20 Scale Mail Armor
27:42 Castle Age
25:50 Horse Collar
27:19 Wheelbarrow
26:56 Stone Mining
27:01 Gold Mining
29:12 Bow Saw
30:28 Gambesons
30:04 Pikeman
30:30 Arson
31:02 Chain Mail Armor
31:23 Iron Casting
32:44 Stone Shaft Mining
33:43 Gold Shaft Mining
33:52 Heavy Plow
38:20 Imperial Age
36:35 Hand Cart
36:41 Murder Holes
37:22 Town Watch
38:26 Stronghold
40:24 Blast Furnace
40:05 Conscription
42:52 Plate Mail Armor
43:06 Fletching
43:08 Halberdier
BlandToaster625
6:45 Loom
10:57 Feudal Age
11:14 Feudal Age
15:43 Castle Age
14:15 Double-Bit Axe
14:11 Horse Collar
17:32 Bow Saw
19:00 Forging
18:55 Scale Barding Armor
21:33 Scale Barding Armor
23:33 Iron Casting
23:19 Chain Barding Armor
24:34 Wheelbarrow
23:44 Town Watch
26:08 Wheelbarrow
26:44 Heavy Plow
29:32 Chain Barding Armor
29:40 Hand Cart
29:46 Town Patrol
31:16 Chain Barding Armor
30:51 Fletching
31:01 Padded Archer Armor
31:33 Stone Mining
31:34 Gold Mining
32:00 Bodkin Arrow
32:49 Caravan
35:36 Imperial Age
33:23 Leather Archer Armor
33:39 Ballistics
34:33 Yeomen
36:25 Bracer
36:55 Ring Archer Armor
35:52 Elite Longbowman
37:19 Coinage
37:03 Guilds
39:09 Chemistry
39:30 Two-Man Saw
40:14 Hoardings
39:09 Sappers
44:29 Murder Holes
44:47 Masonry
Connection lost

Rejoining the realm…

Still unreachable

The connection could not be restored.

Session expired

The server has moved on; the page needs a fresh start.